 Dungeon Sprint DCSS version 0.23.2-33-g5129a83184 (webtiles) character file.

Game seed: 10679294487916195051

11000000 OrcJesus the Axe Maniac (level 27, -9/249 HPs)
             Began as a Formicid Fighter on Aug 7, 2019.
             Was the Champion of Makhleb.
             Killed by the air
             ... invoked by a tyrant
              (40 damage)
             ... in the Dungeon (Sprint VIII: "Arena of Blood").
             The game lasted 00:12:35 (110 turns).

OrcJesus the Axe Maniac (Formicid Fighter)           Turns: 110, Time: 00:12:36

Health: -9/249     AC: 13    Str: 22    XL:     27
Magic:  41/54      EV: 31    Int: 11    God:    Makhleb [******]
Gold:   0          SH: 19    Dex: 19    Spells: 80/80 levels left

rFire    . . .     SeeInvis +   l - +∞ Axe of Woe
rCold    . . .     Gourm    .   c - +0 shield
rNeg     . . .     Faith    .   b - +0 scale mail
rPois    .         Spirit   .   (helmet unavailable)
rElec    .         Reflect  .   (no cloak)
rCorr    .         Harm     .   (no gloves)
MR       ++...                  (no boots)
Stlth    ++++++++..             (no amulet)
HPRegen  0.51/turn              p - +250 ring of slaying
MPRegen  0.34/turn              o - +100 ring of slaying

@: no status effects
A: permanent stasis, dig shafts and tunnels, four strong arms, antennae 3
a: Dig, Minor Destruction, Lesser Servant of Makhleb, Major Destruction, Greater
Servant of Makhleb, Renounce Religion


You were in the Dungeon.
You worshipped Makhleb.
Makhleb was exalted by your worship.
You were not hungry.

You visited 1 branch

Inventory:

Hand Weapons
 a - a +0 war axe
 l - the +∞ Axe of Woe (weapon)
   (You found it in the Dungeon)
Armour
 b - a +0 scale mail (worn)
 c - a +0 shield (worn)
Jewellery
 m - a +30 ring of slaying
 n - a +30 ring of slaying
 o - a +100 ring of slaying (right hand)
 p - a +250 ring of slaying (left hand)
Scrolls
 k - a scroll of blinking
Potions
 d - a potion of might
 e - a potion of curing
 g - a potion of heal wounds
 h - a potion of haste
 i - 2 potions of magic
 j - a potion of berserk rage
Comestibles
 f - a ration


   Skills:
 O Level 27 Fighting
 O Level 27 Axes
 O Level 27 Throwing
 O Level 27 Armour
 O Level 27 Dodging
 O Level 27 Stealth
 O Level 27 Shields
 O Level 27 Unarmed Combat
 O Level 27 Spellcasting
 O Level 27 Invocations


You had 80 spell levels left.
You didn't know any spells.
Your spell library was empty.

Dungeon Overview and Level Annotations

Branches:
Dungeon (1/1)

Altars:
Makhleb


Innate Abilities, Weirdness & Mutations

You cannot be hasted, slowed, berserked, paralysed or teleported.
You can dig through walls and to a lower floor.
Your four strong arms can wield two-handed weapons with a shield.
You have a pair of large antennae on your head. (SInv)


Message History

The accursed points at you and mumbles some strange words.
Something smites you!
* * * LOW HITPOINT WARNING * * *
You hear a shout!
The eight-headed meat hydra calls on the powers of darkness!
The eight-headed meat hydra convulses!
Something is bathed in an unholy light! x3
The scourge convulses!
Something is bathed in an unholy light! x2
The bag of meat convulses!
Your body is wracked with pain!
* * * LOW HITPOINT WARNING * * *
Press: ? - help, Shift-Dir - straight line, f - tentacled monstrosity
Aim: a tentacled monstrosity (summoned)
The iron shot hits the tyrant!!!
The tyrant is lightly damaged.
The scourge appears out of thin air!
A scourge comes into view.
You hear a shout!
The tyrant is engulfed in blazing flames.
The tyrant waves its bony arms in wide circles.
The air twists around and strikes you!
You die...

.....#. {{ ....
.......X.D .......
#......SX ....S....
.#.....XX #.......# {
....#X☼o2{#§......# .
.#....))###.......###...
......XL)X)..###§.......
.....#.))))W.%_.x.......
. #%%.@†))#§....# .....
#.%......))#§.<%_#......
...#....%))#☼§°..#......
.....#...))).°_).)......
........%...)###%)......
.......%###.M..{).###...
......... #....{..#{ ..
.........{#.......# ....
..........


You could see an accursed, 4 tentacled monstrosities, a meat beast, a tyrant, an
eight-headed meat hydra, 2 scourges, 3 large abominations, a dread and a bag of
meat.

Vanquished Creatures
  9 hell beasts (D)
  4 greater mummies (D)
  3 great orbs of eyes (D)
  2 wraiths (D)
  Harold (D)
  25 vampire knights (D)
  38 ogres (D)
  7 two-headed ogres (D)
  9 liches (D)
  4 hydras (D)
  66 orcs (D)
  3 phantoms (D)
  7 skeletal warriors (D)
  7 large abominations (D)
  9 small abominations (D)
  11 crawling corpses (D)
205 creatures vanquished.

Vanquished Creatures (others)
  A hydra (D)
  2 orcs (D)
  3 crawling corpses (D)
6 creatures vanquished.

Grand Total: 211 creatures vanquished

Notes
Turn   | Place    | Note
-------+----------+-------------------------------------------
     0 | D        | Found the +∞ Axe of Woe
     0 | D        | OrcJesus the Formicid Fighter began the quest for the Orb.
     0 | D        | Reached XP level 1. HP: 18/18 MP: 1/1
     1 | D        | Noticed a bag of meat
     3 | D        | Became a worshipper of Makhleb the Destroyer
     3 | D        | Noticed a bag of meat
     5 | D        | Noticed a bag of meat
     6 | D        | Noticed a bag of meat
     6 | D        | Noticed a meat berserker
     7 | D        | Killed a bag of meat
     7 | D        | Reached XP level 2. HP: 24/24 MP: 2/2
     7 | D        | Reached XP level 3. HP: 29/29 MP: 3/3
     7 | D        | Reached XP level 4. HP: 35/35 MP: 4/4
     7 | D        | Reached XP level 5. HP: 41/41 MP: 5/5
     7 | D        | Reached XP level 6. HP: 47/47 MP: 6/6
     7 | D        | Reached XP level 7. HP: 52/52 MP: 7/7
     7 | D        | Reached XP level 8. HP: 58/58 MP: 8/8
     7 | D        | Reached XP level 9. HP: 64/64 MP: 9/9
     7 | D        | Reached XP level 10. HP: 70/70 MP: 10/10
     7 | D        | Reached XP level 11. HP: 75/75 MP: 11/11
     7 | D        | Reached XP level 12. HP: 81/81 MP: 12/12
     7 | D        | Noticed a bag of meat
     7 | D        | Noticed a bag of meat
     8 | D        | Killed a bag of meat
     8 | D        | Reached * piety under Makhleb
     8 | D        | Reached XP level 13. HP: 113/113 MP: 13/13
     8 | D        | Noticed a bag of meat
     9 | D        | Killed a bag of meat
     9 | D        | Reached XP level 14. HP: 125/125 MP: 14/14
     9 | D        | Noticed a meat berserker
     9 | D        | Noticed a bag of meat
    10 | D        | Killed a meat berserker
    10 | D        | Reached XP level 15. HP: 139/139 MP: 15/15
    10 | D        | Reached ** piety under Makhleb
    10 | D        | Reached XP level 16. HP: 149/149 MP: 16/16
    11 | D        | Noticed a meat berserker
    13 | D        | Noticed a meat berserker
    13 | D        | Reached skill level 15 in Dodging
    15 | D        | Killed a meat berserker
    15 | D        | Reached *** piety under Makhleb
    15 | D        | Reached XP level 17. HP: 166/166 MP: 17/17
    15 | D        | Reached XP level 18. HP: 175/175 MP: 18/18
    15 | D        | Noticed a meat berserker
    16 | D        | Reached skill level 27 in Axes
    17 | D        | Killed a meat berserker
    17 | D        | Reached **** piety under Makhleb
    17 | D        | Reached skill level 27 in Fighting
    17 | D        | Reached skill level 27 in Armour
    18 | D        | Noticed a large bag of meat
    19 | D        | Killed a meat berserker
    19 | D        | Reached XP level 19. HP: 189/189 MP: 19/19
    19 | D        | Reached skill level 27 in Shields
    19 | D        | Noticed a meat berserker
    20 | D        | Noticed a meat berserker
    20 | D        | Noticed a large bag of meat
    22 | D        | Killed a large bag of meat
    22 | D        | Reached skill level 27 in Dodging
    22 | D        | Reached XP level 20. HP: 197/197 MP: 19/32
    22 | D        | Reached ***** piety under Makhleb
    22 | D        | Noticed a destroyer
    23 | D        | Noticed a destroyer
    24 | D        | Noticed a large bag of meat
    24 | D        | Killed a meat berserker
    24 | D        | Reached skill level 27 in Stealth
    24 | D        | Reached XP level 21. HP: 204/204 MP: 19/38
    27 | D        | Killed a destroyer
    27 | D        | Reached skill level 27 in Invocations
    28 | D        | Killed a destroyer
    28 | D        | Reached skill level 27 in Spellcasting
    28 | D        | Reached XP level 22. HP: 212/212 MP: 20/53
    28 | D        | Killed a meat berserker
    29 | D        | Noticed The Servant
    31 | D        | Noticed a large bag of meat
    32 | D        | Killed a large bag of meat
    32 | D        | Reached ****** piety under Makhleb
    32 | D        | Reached XP level 23. HP: 219/219 MP: 21/54
    35 | D        | Noticed a destroyer
    35 | D        | Noticed a destroyer
    38 | D        | Reached skill level 27 in Throwing
    38 | D        | Reached skill level 27 in Unarmed Combat
    38 | D        | Reached XP level 24. HP: 227/227 MP: 22/54
    38 | D        | Noticed a large bag of meat
    39 | D        | Killed The Servant
    39 | D        | Noticed a destroyer
    40 | D        | Killed a destroyer
    40 | D        | Reached XP level 25. HP: 234/234 MP: 23/54
    40 | D        | Killed a destroyer
    40 | D        | Killed a large bag of meat
    40 | D        | Reached XP level 26. HP: 213/242 MP: 23/54
    40 | D        | Noticed a destroyer
    40 | D        | Noticed a destroyer
    41 | D        | Killed a large bag of meat
    41 | D        | Noticed a destroyer
    42 | D        | Killed a destroyer
    42 | D        | Reached XP level 27. HP: 249/249 MP: 23/54
    42 | D        | Killed a destroyer
    42 | D        | Noticed a destroyer
    43 | D        | Noticed a destroyer
    45 | D        | Noticed a destroyer
    46 | D        | Killed a destroyer
    47 | D        | Noticed a destroyer
    47 | D        | Noticed a destroyer
    48 | D        | Killed a destroyer
    48 | D        | Killed a destroyer
    48 | D        | Noticed a tyrant
    48 | D        | Noticed a large bag of meat
    50 | D        | Noticed a tyrant
    50 | D        | Noticed a tyrant
    50 | D        | Noticed a destroyer
    51 | D        | Noticed a tyrant
    51 | D        | Killed a destroyer
    51 | D        | Noticed an accursed
    51 | D        | Noticed a destroyer
    53 | D        | Noticed an accursed
    53 | D        | Killed a large bag of meat
    53 | D        | Noticed a destroyer
    54 | D        | Noticed a tyrant
    56 | D        | Killed a destroyer
    56 | D        | Killed a destroyer
    57 | D        | Killed a destroyer
    57 | D        | Noticed a destroyer
    59 | D        | Noticed a meat beast
    59 | D        | Noticed a destroyer
    59 | D        | Noticed an accursed
    59 | D        | Noticed a tyrant
    60 | D        | Killed an accursed
    61 | D        | Noticed a destroyer
    61 | D        | Noticed a meat beast
    61 | D        | Noticed a tyrant
    62 | D        | Killed a meat beast
    63 | D        | Killed a destroyer
    65 | D        | Killed a destroyer
    65 | D        | Killed a destroyer
    65 | D        | Noticed a destroyer
    66 | D        | Noticed a meat beast
    68 | D        | Killed a tyrant
    68 | D        | Killed a destroyer
    68 | D        | Noticed a destroyer
    69 | D        | Noticed a dread
    70 | D        | Noticed a destroyer
    71 | D        | Killed a tyrant
    71 | D        | Noticed a meat beast
    72 | D        | Killed a destroyer
    73 | D        | Killed a tyrant
    73 | D        | Noticed a meat beast
    73 | D        | Noticed a meat beast
    74 | D        | Killed a tyrant
    74 | D        | Noticed a destroyer
    75 | D        | Killed a destroyer
    75 | D        | Killed a meat beast
    76 | D        | Killed a tyrant
    76 | D        | Killed a tyrant
    77 | D        | Killed a meat beast
    78 | D        | Killed a destroyer
    78 | D        | Noticed a destroyer
    78 | D        | Noticed a dread
    79 | D        | Killed an accursed
    79 | D        | Killed a meat beast
    79 | D        | Killed a meat beast
    79 | D        | Noticed a destroyer
    80 | D        | Noticed a meat beast
    80 | D        | Killed a tyrant
    80 | D        | Killed a large bag of meat
    81 | D        | Noticed a large bag of meat
    82 | D        | Killed a destroyer
    82 | D        | Noticed a meat beast
    83 | D        | Killed a destroyer
    84 | D        | Killed a meat beast
    84 | D        | Noticed a meat beast
    85 | D        | Killed a meat beast
    85 | D        | Killed a dread
    86 | D        | Killed a destroyer
    86 | D        | Killed a destroyer
    87 | D        | Killed an accursed
    88 | D        | Killed a meat beast
    89 | D        | Killed a destroyer
    90 | D        | Noticed a tyrant
    90 | D        | Killed a meat beast
    91 | D        | Killed a dread
    92 | D        | Noticed an accursed
    93 | D        | Noticed a tyrant
    95 | D        | Killed a tyrant
    96 | D        | Killed a large bag of meat
    96 | D        | HP: 8/249 [??? (6)]
   100 | D        | Noticed a tyrant
   101 | D        | Noticed an accursed
   101 | D        | Killed an accursed
   103 | D        | Noticed a dread
   106 | D        | Killed a tyrant
   106 | D        | Noticed a meat beast
   107 | D        | HP: 3/249 [accursed/divine providence (12)]
   110 | D        | Killed from afar by a tyrant

Skill      XL: |  1  2  3  4  5  6  7  8  9 10 11 12 13 14 15 16 17 18 19 20 21 22 23 |
---------------+----------------------------------------------------------------------+-----
Axes           | 19 20 22 23 25 26 27 | 27.0
Shields        | 22 26 27 | 27.0
Fighting       | 14 16 19 20 24 27 | 27.0
Armour         | 14 16 19 20 24 27 | 27.0
Dodging        | 7 12 13 18 19 25 27 | 27.0
Stealth        | 17 27 | 27.0
Invocations    | 16 26 27 | 27.0
Spellcasting   | 27 | 27.0
Throwing       | 9 20 27 | 27.0
Unarmed Combat | 9 20 27 | 27.0

Action                   |  1- 3 |  4- 6 |  7- 9 | 10-12 | 13-15 | 16-18 | 19-21 | 22-24 | 25-27 || total
-------------------------+-------+-------+-------+-------+-------+-------+-------+-------+-------++-------
Melee: Executioner's axe |     1 |       |       |     1 |     2 |     6 |     4 |     6 |    60 ||    80
Invok: Major Destruction |       |       |       |       |       |       |       |       |     1 ||     1
Armor: Scale mail        |       |       |       |       |       |       |       |       |     2 ||     2
Dodge: Dodged            |       |       |       |       |       |       |       |       |    11 ||    11
Block: Shield            |       |       |       |     1 |     1 |       |       |     2 |     7 ||    11
